[Event "WYCC U18 Open 2019"]
[Site "Mumbai"]
[Date "2019.10.03"]
[Round "3.1"]
[White "Sargsyan, Shant"]
[Black "Aditya Mittal"]
[Result "1/2-1/2"]
[ECO "B51"]
[WhiteElo "2580"]
[BlackElo "2430"]
[Annotator "ChessBase"]
[PlyCount "83"]
[EventDate "2019.10.02"]
[EventType "swiss"]
[EventCountry "IND"]
[SourceTitle "playchess.com"]
[Source "ChessBase"]
[SourceQuality "1"]
[TimeControl "40/5400+30:1800+30"]

1. e4 c5 2. Nf3 d6 3. Bb5+ Nd7 4. Ba4 Ngf6 5. O-O a6 6. c4 e5 7. Nc3 Be7 8. d3 O-O 9. h3 Nb6 10. Bc2 Be6 11. a3 Nbd7 12. b4 b5 13. bxc5 Nxc5 14. cxb5 Qa5 15. Bd2 axb5 16. d4 exd4 17. Nxd4 Qb6 18. Re1 Nd3 19. Bxd3 Qxd4 20. Bxb5 d5 21. exd5 Nxd5 22. Nxd5 Qxd5 23. a4 Bf6 24. Rc1 Qa2 25. Rc2 Qa3 26. Qc1 Qxc1 27. Rcxc1 Rfd8 28. Be3 Bd4 29. Red1 Bxe3 30. Rxd8+ Rxd8 31. fxe3 g6 32. Ra1 Rd5 33. Bc4 Ra5 34. Bxe6 fxe6 35. Kf2 Kf7 36. e4 Ke7 37. Ke3 Kd6 38. Kd4 h5 39. g3 g5 40. e5+ Ke7 41. Ke4 Ke8 42. Ra3 1/2-1/2

[Event "WYCC U18 Open 2019"]
[Site "Mumbai"]
[Date "2019.10.03"]
[Round "3.3"]
[White "Gholami, Aryan"]
[Black "Mendonca, Leon Luke"]
[Result "1-0"]
[ECO "A46"]
[WhiteElo "2554"]
[BlackElo "2388"]
[Annotator "ChessBase"]
[PlyCount "75"]
[EventDate "2019.10.02"]
[EventType "swiss"]
[EventCountry "IND"]
[SourceTitle "playchess.com"]
[Source "ChessBase"]
[SourceQuality "1"]
[TimeControl "40/5400+30:1800+30"]

1. d4 Nf6 2. Nf3 e6 3. Bf4 b6 4. e3 Bb7 5. Nbd2 Be7 6. h3 O-O 7. Bd3 c5 8. c3 cxd4 9. exd4 Ba6 10. Bxa6 Nxa6 11. Qe2 Nb8 12. O-O d5 13. Ne5 Nfd7 14. Ndf3 Qc8 15. Rac1 Nxe5 16. Nxe5 Nd7 17. c4 Nxe5 18. Bxe5 Qc6 19. cxd5 Qxd5 20. Rc7 Bd6 21. Rd7 Rfd8 22. Qg4 g6 23. Rxd6 Rxd6 24. Qf4 Rdd8 25. Qf6 Kf8 26. Rc1 Rd7 27. Rc3 Ke8 28. Qh8+ Ke7 29. Qxh7 Qe4 30. Qg7 Qd5 31. h4 a5 32. h5 Qe4 33. h6 Qe1+ 34. Kh2 Qxf2 35. h7 Rxd4 36. Bxd4 Qh4+ 37. Rh3 Qf4+ 38. Kh1 1-0

[Event "WYCC U18 Open 2019"]
[Site "Mumbai"]
[Date "2019.10.03"]
[Round "3.6"]
[White "Garidmagnai, Byambasuren"]
[Black "Zarubitski, Viachaslau"]
[Result "1/2-1/2"]
[ECO "D10"]
[WhiteElo "2327"]
[BlackElo "2435"]
[Annotator "NA"]
[PlyCount "91"]
[EventDate "2019.10.02"]
[EventType "swiss"]
[EventCountry "IND"]
[SourceTitle "playchess.com"]
[Source "ChessBase"]
[SourceQuality "1"]
[TimeControl "40/5400+30:1800+30"]

1. d4 d5 2. c4 c6 3. Nc3 dxc4 4. a4 e5 5. dxe5 Qxd1+ 6. Kxd1 Be6 7. e4 Bc5 8. f4 g6 9. Ke2 Na6 10. Be3 O-O-O 11. Nf3 f6 12. h3 Rd3 13. Bxc5 Nxc5 14. Rd1 fxe5 15. Nxe5 Rxd1 16. Kxd1 Nf6 17. Bxc4 Bxc4 18. Nxc4 Rd8+ 19. Kc2 Rd4 20. b3 Nfxe4 21. Nxe4 Nxe4 22. Rd1 Rxd1 23. Kxd1 Kc7 24. Kc2 b5 25. axb5 cxb5 26. Ne3 a5 27. Kd3 Nc5+ 28. Kc3 Kc6 29. Ng4 Nd7 30. Kd4 Kd6 31. Ne3 Nc5 32. Kc3 Ne4+ 33. Kd4 Nc5 34. Kc3 Ne6 35. g3 Kc5 36. f5 gxf5 37. Nxf5 Kd5 38. Ne7+ Ke4 39. Nc6 a4 40. bxa4 bxa4 41. Kb4 Kf3 42. g4 Kg3 43. Ne5 Ng5 44. Nd7 Ne4 45. g5 Nxg5 46. Nf6 1/2-1/2

[Event "WYCC U18 Open 2019"]
[Site "Mumbai"]
[Date "2019.10.03"]
[Round "3.10"]
[White "Rahul Srivatshav P"]
[Black "Beukema, Jasper"]
[Result "1-0"]
[ECO "A08"]
[WhiteElo "2460"]
[BlackElo "2265"]
[Annotator "RC"]
[PlyCount "89"]
[EventDate "2019.10.02"]
[EventType "swiss"]
[EventCountry "IND"]
[SourceTitle "playchess.com"]
[Source "ChessBase"]
[SourceQuality "1"]
[TimeControl "40/5400+30:1800+30"]

1. Nf3 d5 2. g3 c5 3. Bg2 Nc6 4. O-O Nf6 5. d3 g6 6. Nbd2 Bg7 7. e4 O-O 8. Re1 e5 9. exd5 Nxd5 10. Nc4 Re8 11. Bd2 Rb8 12. Ng5 b5 13. Qf3 Be6 14. Nxe6 fxe6 15. Ne3 Nd4 16. Qd1 Qd6 17. a4 b4 18. Nc4 Qc7 19. h4 Rf8 20. Be4 Nf6 21. c3 Nxe4 22. Rxe4 Nf3+ 23. Kg2 Rbd8 24. Be3 Rf7 25. cxb4 cxb4 26. Rc1 Qb7 27. Na5 Qxe4 28. dxe4 Rxd1 29. Rxd1 Nd4 30. Rc1 Rd7 31. Rc4 Bf8 32. Bd2 b3 33. Rc8 Kf7 34. Nc4 Bd6 35. Bc3 Bc7 36. Rxc7 Rxc7 37. Nxe5+ Ke8 38. Bxd4 a6 39. Kf3 Rc1 40. Nd3 Rc4 41. Ke3 Ke7 42. a5 Kd6 43. Bc3 Kc7 44. f3 e5 45. Kd2 1-0

[Event "WYCC U18 Open 2019"]
[Site "Mumbai"]
[Date "2019.10.03"]
[Round "3.14"]
[White "Panesar Vedant"]
[Black "Raghunandan, Kaumandur Srihari"]
[Result "0-1"]
[ECO "B90"]
[WhiteElo "2219"]
[BlackElo "2449"]
[Annotator "NA"]
[PlyCount "138"]
[EventDate "2019.10.02"]
[EventType "swiss"]
[EventCountry "IND"]
[SourceTitle "playchess.com"]
[Source "ChessBase"]
[SourceQuality "1"]
[TimeControl "40/5400+30:1800+30"]

1. e4 c5 2. Nf3 d6 3. d4 cxd4 4. Nxd4 Nf6 5. Nc3 a6 6. Be3 e6 7. f3 b5 8. Qd2 h5 9. O-O-O Bb7 10. Kb1 Nbd7 11. Bd3 Rc8 12. Rhe1 Be7 13. h3 b4 14. Nce2 d5 15. exd5 Nxd5 16. Nf4 Nc5 17. Bc4 Nxf4 18. Bxf4 O-O 19. Be5 Qb6 20. Qf4 Rfd8 21. Qg3 Bf8 22. Bf6 Rd7 23. Nb3 Rxd1+ 24. Rxd1 Nxb3 25. axb3 Bd5 26. Bd3 Bb7 27. Re1 Rc5 28. Bd4 Qc7 29. Be5 Qd8 30. h4 Rd5 31. Qf2 Bc6 32. g4 Rxd3 33. cxd3 Qxd3+ 34. Qc2 Qxf3 35. gxh5 Bb5 36. Ka1 Bd3 37. Qc7 Qd5 38. Rg1 Qxb3 39. Qa5 Bc4 40. h6 g6 41. h5 g5 42. Rxg5+ Kh7 43. Rg1 Bxh6 44. Bd4 Bf4 45. Rg7+ Kh6 46. Rg1 f5 47. Bg7+ Kxh5 48. Kb1 Be3 49. Rh1+ Kg4 50. Bf8 Bd3+ 51. Ka1 Bb6 52. Qxb4+ Qxb4 53. Bxb4 f4 54. Be1 e5 55. Rh4+ Kf3 56. Bc3 Bd4 57. Bb4 Kg3 58. Rh8 f3 59. Rg8+ Kf2 60. Be7 Ke2 61. Bh4 f2 62. Bxf2 Bxf2 63. Re8 e4 64. b4 Kd2 65. Kb2 Bd4+ 66. Kb3 e3 67. Rg8 e2 68. Rg2 Kd1 69. Rg3 Bc2+ 0-1